 Dungeon Crawl Stone Soup version 0.23-a0-175-g97aacdb306 (webtiles) character file.

635 PikkenKukken the Cutter (level 7, 0/55 HPs)
             Began as a Demonspawn Fighter on Sept 17, 2018.
             Slain by a river rat (6 damage)
             ... summoned by Eustachio
             ... on level 4 of the Dungeon.
             The game lasted 00:04:34 (3683 turns).

PikkenKukken the Cutter (Demonspawn Fighter)        Turns: 3683, Time: 00:04:35

Health: 0/55       AC:  6    Str: 18      XL:     7   Next: 25%
Magic:  0/7        EV:  6    Int:  9      God:
Gold:   205        SH:  8    Dex: 11 (13) Spells: 6/6 levels left

rFire    . . .     SeeInvis .   a - +0 rapier
rCold    . . .     Gourm    .   c - +0 shield
rNeg     . . .     Faith    .   b - +0 scale mail
rPois    .         Spirit   +   (helmet restricted)
rElec    .         Reflect  .   (no cloak)
rCorr    .         Harm     .   (no gloves)
MR       +....                  (no boots)
Stlth    ..........             (no amulet)
HPRegen  0.18/turn              p - ring of protection from magic
MPRegen  0.10/turn              (no ring)

@: heavily drained
A: antennae 1, magic shield
a: no special abilities


You were on level 4 of the Dungeon.
You were not hungry.

You visited 1 branch of the dungeon, and saw 4 of its levels.

You collected 205 gold pieces.

Inventory:

Hand Weapons
 a - a +0 rapier (weapon)
Armour
 b - a +0 scale mail (worn)
 c - a +0 shield (worn)
Jewellery
 p - a ring of protection from magic (left hand)
Wands
 l - a wand of flame (20)
Scrolls
 e - a scroll of fog
 g - a scroll of identify
 m - 2 scrolls of remove curse
 s - a scroll of blinking
 t - 3 scrolls of fear
 u - a scroll of teleportation
Potions
 h - 2 potions of curing
 i - a potion of brilliance
 j - 3 potions of heal wounds
 k - 2 potions of flight
 n - a potion of invisibility
 o - a potion of resistance
 q - a potion of mutation {unknown}
 r - a potion of degeneration {unknown}
Comestibles
 f - 8 rations


   Skills:
 + Level 4.6(2.8) Fighting
 * Level 4.8(2.9) Short Blades
 + Level 4.1(2.3) Armour
 + Level 4.1(2.3) Shields


You had 6 spell levels left.
You didn't know any spells.
Your spell library was empty.

Dungeon Overview and Level Annotations

Branches:
Dungeon (4/15)
 Temple: D:4-7

Altars:
Fedhas
Nemelex Xobeh
Sif Muna
Vehumet
Zin

Annotations:
D:4 exclusion: oklob plant, Eustachio


Innate Abilities, Weirdness & Mutations

You have a pair of small antennae on your head.
When hurt, damage is shared between your health and your magic reserves.


Message History

The quasit bites you but does no damage.
You block the quasit's attack. x2; The bat barely misses you.
You puncture Eustachio!
Eustachio is severely wounded.
You block the bat's attack.
The quokka bites you but does no damage.
Eustachio mumbles some strange words.
Eustachio blinks!
The quokka closely misses you. The quasit barely misses you.
The quasit claws you.
* * * LOW HITPOINT WARNING * * *
You block the quasit's attack. You block the quokka's attack.
Eustachio utters an oath, "I will die for my friends!"
You hit the river rat.
The river rat is moderately wounded.
The quasit bites you but does no damage.
You block the quasit's attack.
The quasit claws you but does no damage.
The quokka bites you but does no damage.
The quokka closely misses you. The river rat bites you.
You die...

#..............########
#..............#.......
#..............#.......
#..............#.......
#..............#.......
#..............#.......
#..............#..####.
#.....b...############.
#....r@...# #....
#....r5r..# #....
#.........# #....
#...@.....# #....
#.........# #....
#.........# #####
###########


You could see Eustachio, a quasit, a river rat, 2 quokkas and a bat.

Vanquished Creatures
  Sigmund (D:3)
  2 phantoms (D:4)
  A bullfrog zombie (D:3)
  A hound (D:3)
  An orc wizard (D:4)
  Jessica (D:3)
  Terence (D:3)
  An iguana (D:4)
  A worker ant (D:4)
  Robin (D:3)
  3 adders
  2 worms (D:3)
  A dart slug (D:4)
  3 leopard geckos
  4 orcs (D:4)
  5 giant cockroaches
  7 goblins
  6 hobgoblins
  7 jackals
  3 kobolds
  2 quokkas
  3 ball pythons
  6 bats
  6 frilled lizards
  9 rats
78 creatures vanquished.

Notes
Turn   | Place    | Note
-------+----------+-------------------------------------------
     0 | D:1      | PikkenKukken the Demonspawn Fighter began the quest for the
                  | Orb.
     0 | D:1      | Reached XP level 1. HP: 18/18 MP: 1/1
   234 | D:1      | Gained mutation: When hurt, damage is shared between your
                  | health and your magic reserves. [demonic ancestry]
   234 | D:1      | Reached XP level 2. HP: 15/24 MP: 2/2
   995 | D:2      | Reached XP level 3. HP: 27/29 MP: 1/3
  1342 | D:3      | Found a deep blue altar of Sif Muna.
  1840 | D:3      | Noticed Sigmund
  1859 | D:3      | Killed Sigmund
  1859 | D:3      | Reached XP level 4. HP: 4/37 MP: 0/4
  1859 | D:3      | Reached XP level 5. HP: 4/42 MP: 0/5
  2194 | D:3      | Noticed Jessica
  2221 | D:3      | Killed Jessica
  2221 | D:3      | Reached XP level 6. HP: 32/48 MP: 3/6
  2330 | D:3      | Noticed Robin
  2342 | D:3      | Killed Robin
  2394 | D:3      | Noticed Terence
  2418 | D:3      | Killed Terence
  2803 | D:4      | Found a glowing silver altar of Zin.
  2828 | D:4      | Found a sparkling altar of Nemelex Xobeh.
  2828 | D:4      | Found a radiant altar of Vehumet.
  2864 | D:4      | Found a blossoming altar of Fedhas.
  2874 | D:4      | Noticed an oklob plant
  3062 | D:4      | Gained mutation: You have a pair of small antennae on your
                  | head. [demonic ancestry]
  3062 | D:4      | Reached XP level 7. HP: 44/55 MP: 5/7
  3663 | D:4      | Noticed Eustachio
  3683 | D:4      | Slain by a river rat

Vault maps used:
D:1:      eino_arrival_tree_alley, minmay_misc_feat_doors
D:2:      first_ration, hex_tiny, kennysheep_another_room
D:3:      lemuel_upstairs_altar, overflow_temple_1_default, uniq_terence,
          uniq_jessica, uniq_robin, uniq_sigmund
D:4:      grunt_temple_overflow_open, serial_bayou_pond_d, tgw_fedhas,
          uniq_eustachio

Skill      XL: |  1  2  3  4  5  6 |
---------------+-------------------+-----
Short Blades   | 2 3 4 |  4.8
Shields        | 3 4 |  4.1
Armour         | 3 4 |  4.1
Fighting       | 4 |  4.6

Action                   |  1- 3 |  4- 6 |  7- 9 || total
-------------------------+-------+-------+-------++-------
Melee: Rapier            |   160 |   147 |    43 ||   350
  Use: Scroll            |    11 |     1 |       ||    12
       Potion            |     2 |       |       ||     2
  Eat: Chunk             |     3 |     4 |     2 ||     9
Armor: Scale mail        |    75 |    59 |    32 ||   166
Dodge: Dodged            |    60 |    37 |    18 ||   115
Block: Shield            |    88 |    59 |    39 ||   186

Table legend:
 A = Non-vault XP
 B = Vault XP
 C = Vault XP percentage of total XP
 D = Non-vault monster count
 E = Vault monster count
 F = Vault count percentage of total count
                 A         B        C        D         E       F
            +---------+---------+-------+---------+---------+-------
      Total |     587 |     321 |  35.4 |      67 |      11 |  14.1
            +---------+---------+-------+---------+---------+-------
        D:1 |      28 |       0 |   0.0 |      18 |       0 |   0.0
        D:2 |      38 |       0 |   0.0 |      15 |       0 |   0.0
        D:3 |     146 |     321 |  68.7 |      21 |      11 |  34.4
        D:4 |     375 |       0 |   0.0 |      13 |       0 |   0.0
            +---------+---------+-------+---------+---------+-------
